 Seeded DCSS version 0.30-a0-377-g5cb311bc9f (webtiles) character file.

Game seed: 9043500393456703904 (custom seed)

871 purpskrrrp the Digger (level 7, -3/53 HPs)
             Began as a Troll Earth Elementalist on Nov 28, 2022.
             Was a Follower of Hepliaklqana.
             Killed by divine providence
             ... invoked by an orc priest
              (13 damage)
             ... on level 5 of the Dungeon.
             The game lasted 00:05:57 (4266 turns).

purpskrrrp the Digger (Troll Earth Elementalist)    Turns: 4266, Time: 00:05:58

Health: -3/53      AC:  5    Str: 19    XL:     7   Next: 73%
Magic:  2/9        EV: 10    Int: 11    God:    Hepliaklqana [*.....]
Gold:   264        SH:  0    Dex: 16    Spells: 10/11 levels left

rFire   . . .      SeeInvis .      - Unarmed
rCold   . . .      Faith    .    (no shield)
rNeg    . . .      Spirit   .    a - +1 robe
rPois   .          Reflect  .    (helmet restricted)
rElec   .          Harm     .    (no cloak)
rCorr   .          Rampage  .    (gloves unavailable)
Will    .....                    (boots unavailable)
Stlth   ++........               n - amulet of regeneration
HPRegen 1.88/turn                j - +6 ring of dexterity
MPRegen 0.11/turn                (no ring)

@: no status effects
A: reduced essence, large, unfitting armour, claws 3, regeneration 1, shaggy fur
1, tough skin 1
a: Renounce Religion, Recall Ancestor, Ancestor Identity


You were on level 5 of the Dungeon.
You worshipped Hepliaklqana.
Hepliaklqana was aware of your devotion.
You visited 1 branch of the dungeon, and saw 5 of its levels.

You collected 264 gold pieces.

Inventory:

Hand Weapons
 m - a +0 giant club
Armour
 a - a +1 robe (worn)
Jewellery
 j - a +6 ring of dexterity (left claw)
 n - an amulet of regeneration (around neck)
Wands
 r - a wand of roots (13)
 u - a wand of light (6)
Scrolls
 g - 2 scrolls of teleportation
 i - a scroll of identify
Potions
 b - 3 potions of magic
 c - a potion of cancellation
 d - a potion of resistance {unknown}
 e - a potion of haste
 f - 3 potions of heal wounds {unknown}
 h - 2 potions of curing {unknown}
 k - a potion of attraction
 l - 3 potions of brilliance {unknown}
 o - 2 potions of invisibility {unknown}
 p - a potion of mutation
 s - 2 potions of might {unknown}


   Skills:
 - Level 1.5 Dodging
 - Level 1.0 Stealth
 * Level 4.8 Unarmed Combat
 + Level 2.5 Spellcasting
 + Level 2.5 Transmutations
 * Level 5.4 Earth Magic


You had 10 spell levels left.
You knew the following spells:

 Your Spells              Type           Power      Damage    Failure   Level
a - Sandblast             Erth           26%        2d8       3%          1

Your spell library contained the following spells:

 Spells                   Type           Power      Damage    Failure   Level
 Passwall                 Tmut/Erth      8%         N/A       9%          2
 Stone Arrow              Conj/Erth      14%        3d7       28%         3
 Petrify                  Tmut/Erth      10%        N/A       47%         4
 Lee's Rapid Deconstruct  Erth           6%         3d6*      63%         5
 Leda's Liquefaction      Hex/Erth       3%         N/A       67%         4
 Statue Form              Tmut/Erth      6%         N/A       100%        6


Dungeon Overview and Level Annotations

Branches:
Dungeon (5/15)             Temple (0/1) D:4

Altars:
Dithmenos
Hepliaklqana
Yredelemnul

Annotations:
D:5 3 runed translucent doors, purpskrrrp's ghost, novice DsNe


Innate Abilities, Weirdness & Mutations

Your life essence is reduced to manifest your ancestor. (-10% HP)
You are too large for most types of armour.
You have claws for hands.
Your natural rate of healing is unusually fast.
You are covered in fur. (AC +1)
You have tough skin. (AC +1)


Message History

Kateb avoids your attack.
The blast of sand hits the gnoll.
You kill the gnoll!
The centaur wields a +0 shortbow.
The centaur shoots an arrow.
The arrow hits Kateb!
Kateb barely misses the gnoll sergeant.
The gnoll sergeant hits you from afar with a +0 spear.
An orc priest comes into view. It is wielding a +0 short sword.
Kateb hits the gnoll sergeant but does no damage.
You hear a shout!
Kateb avoids your attack.
The blast of sand hits the gnoll sergeant but does no damage.
The gnoll sergeant hits you but does no damage.
Kateb hits the gnoll sergeant.
Kateb avoids your attack.
The blast of sand hits the gnoll sergeant but does no damage.
The gnoll sergeant is lightly wounded.
The centaur shoots an arrow.
The arrow hits you. The gnoll closely misses you.
The gnoll sergeant hits you from afar with a +0 spear!
The gnoll sergeant blocks Kateb's attack.
The centaur shoots an arrow.
The arrow misses you.
The gnoll hits you from afar with a +0 spear.
The gnoll sergeant closely misses you.
Kateb hits the gnoll sergeant but does no damage.
Kateb avoids your attack.
The blast of sand hits the gnoll sergeant but does no damage.
The gnoll sergeant is lightly wounded.
The centaur shoots an arrow.
The arrow hits you.
The centaur shoots an arrow.
The arrow hits you but does no damage. The gnoll barely misses you.
The gnoll sergeant closely misses you.
The worm bites Kateb.
Kateb barely misses the worm.
The centaur shoots an arrow.
The arrow misses you.
You hear a shout!
Kateb avoids your attack.
The gnoll sergeant blocks the blast of sand.
The centaur shoots an arrow.
The arrow hits you!
The gnoll hits you from afar with a +0 spear!
The gnoll sergeant hits you from afar with a +0 spear!
* * * LOW HITPOINT WARNING * * *
The orc priest mumbles some strange prayers to Beogh against you.
Beogh smites you!
You die...

..................
..................
######.###.......
########## ##.###.......
<........# #..#.........
.........###.##.#.......
.........##..##.#######.
....ow...##.#...#######.
....ggR@...>..###..<.#..
....lg.)...#### #.....)#
.....c...#..# #....###
###.........# #....#
#.#.####### #..[.# #...
###### #... ..##


You could see the friendly Kateb the ancestor, a gnoll sergeant, a centaur, a
worm (ally target), an iguana, an orc priest and 2 gnolls.

Vanquished Creatures
  2 ogres (D:5)
  A necrophage (D:4)
  3 wights (D:4)
  2 bullfrog zombies (D:4)
  A centaur zombie (D:4)
  A human zombie (D:4)
  Jessica (D:2)
  Ijyb (D:4)
  An orc wizard (D:4)
  Natasha (twice) (D:4)
  An iguana (D:4)
  2 hound zombies (D:4)
  A gnoll (D:5)
  6 adders
  2 adder zombies (D:4)
  A worm (D:2)
  A dart slug (D:1)
  17 orcs
  6 endoplasms
  4 giant cockroaches
  8 goblins
  8 hobgoblins
  4 kobolds
  5 quokkas
  7 ball pythons
  5 bats
  2 frilled lizards
  4 rats
99 creatures vanquished.

Vanquished Creatures (collateral kills)
  An orc (D:5)
1 creature vanquished.

Grand Total: 100 creatures vanquished

Notes
Turn   | Place    | Note
-------+----------+-------------------------------------------
     0 | D:1      | purpskrrrp the Troll Earth Elementalist began the quest for
                  | the Orb.
     0 | D:1      | Reached XP level 1. HP: 16/16 MP: 1/1
   167 | D:1      | Reached XP level 2. HP: 24/24 MP: 0/3
   308 | D:1      | Reached skill level 1 in Unarmed Combat
   377 | D:1      | Reached skill level 3 in Earth Magic
   404 | D:1      | Reached skill level 1 in Transmutations
   536 | D:2      | Reached XP level 3. HP: 31/31 MP: 0/4
  1169 | D:2      | Reached XP level 4. HP: 39/39 MP: 2/5
  1266 | D:2      | Noticed Jessica
  1270 | D:2      | Killed Jessica
  1988 | D:3      | Reached XP level 5. HP: 29/45 MP: 2/6
  2140 | D:3      | Found a hazy altar of Hepliaklqana.
  2240 | D:3      | Found a faded altar of an unknown god.
  2723 | D:3      | Became a worshipper of Hepliaklqana the Forgotten
  2838 | D:4      | Found a staircase to the Ecumenical Temple.
  2875 | D:4      | Noticed Natasha
  2878 | D:4      | Killed Natasha
  3129 | D:4      | Found a shadowy altar of Dithmenos.
  3135 | D:4      | Reached skill level 4 in Earth Magic
  3338 | D:4      | Noticed Ijyb
  3350 | D:4      | Killed Ijyb
  3558 | D:4      | Reached XP level 6. HP: 47/53 MP: 8/8
  3593 | D:4      | Noticed Natasha
  3596 | D:4      | Killed Natasha
  3597 | D:4      | Reached XP level 7. HP: 30/59 MP: 7/9
  3746 | D:4      | Reached skill level 5 in Earth Magic
  3753 | D:4      | Found a basalt altar of Yredelemnul.
  4136 | D:5      | Entered Level 5 of the Dungeon
  4143 | D:5      | Found a runed translucent gate.
  4144 | D:5      | Found a runed translucent gate.
  4146 | D:5      | Found a runed translucent gate.
  4146 | D:5      | Noticed purpskrrrp's ghost (novice DsNe)
  4229 | D:5      | Reached * piety under Hepliaklqana
  4266 | D:5      | Killed from afar by an orc priest

Illustrated notes

Levels and vault maps discovered:
D:1:      minmay_arrival_open_corners, layout_basic
D:2:      minmay_alternating_diamond, layout_basic, uniq_jessica
D:3:      layout_rooms, mainiacjoe_overflow_cross_hatched,
          chequers_ecumenical_altar_simple, serial_aquarium,
          aquarium_bridge_long_joined [aquarium_subvault_wall,
          aquarium_subvault_balcony, aquarium_subvault_bridge,
          aquarium_subvault_wall, aquarium_subvault_balcony,
          aquarium_subvault_bridge], aquarium_bridge_square
          [aquarium_subvault_bridge, aquarium_subvault_bridge,
          aquarium_subvault_wall, aquarium_subvault_wall],
          aquarium_window_corner, aquarium_window_corner, aquarium_window_fake,
          aquarium_window_2, aquarium_view_2b,
          hangedman_abyss_or_decor_lesser_grid, dreamdust_wishing_well,
          minmay_starry_boxes
D:4:      layout_loops_cross, nicolae_dithmenos_the_darkroom,
          lemuel_mausoleum_altar_yredelemnul, temple_pool_b, uniq_ijyb,
          uniq_natasha
D:5:      layout_rooms, nicolae_elyvilon_temple_path,
          nicolae_qazlal_style_of_elements, biasface_ghost_orc_armoury,
          uniq_grinder

Skill      XL: |  1  2  3  4  5  6  7 |
---------------+----------------------+-----
Unarmed Combat | 1 2 3 4 |  4.8
Earth Magic    | 3 4 5 |  5.4
Transmutations | 1 2 |  2.5
Spellcasting   | 2 |  2.5
Dodging        | |  1.5
Stealth        | |  1.0

Action                   |  1- 3 |  4- 6 |  7- 9 || total
-------------------------+-------+-------+-------++-------
Melee: Unarmed           |    37 |   120 |    43 ||   200
       Punch             |       |     5 |       ||     5
 Cast: Sandblast         |    34 |    47 |    15 ||    96
  Use: Scroll            |       |     2 |     7 ||     9
Armor: Robe              |    13 |    30 |     8 ||    51
Dodge: Dodged            |    13 |    42 |    24 ||    79

Table legend: (Time is in decaauts)
 A = Elapsed time spent in this place.
 B = Non-inter-level travel time spent in this place.
 C = Inter-level travel time spent in this place.
 D = Time resting spent in this place.
 E = Time spent auto-exploring this place.
 F = Levels seen in this place.
 G = Mean time per level.
                   A        B        C        D        E       F      G
               +--------+--------+--------+--------+--------+-----+--------+
         Total |   4305 |   4109 |    196 |    346 |   3161 |   5 |  861.0 |
       Dungeon |   4305 |   4109 |    196 |    346 |   3161 |   5 |  861.0 |
               +--------+--------+--------+--------+--------+-----+--------+

Top non-repeatable levels by time:
     D:4: 1409 daAuts
     D:2: 1273 daAuts
     D:3: 953 daAuts
     D:1: 535 daAuts
     D:5: 133 daAuts
